AoeStats
← Dr. F

Black Forest

505693619Analyzed
2v2 RM · 21d ago on Sep 10, 2026· 78m 41s· 4 players
Game mode
Random Map
Map size
Medium (4 player)
Population
200
Speed
Normal
Resources
Standard
Victory
Conquest
Starting age
Dark Age
Ending age
Imperial Age
RankedLock teamsTeams togetherTeam positionsShared explorationLock speedFull tech treeHidden civsTurbo modeCheats
Victory
Defeat
🇪🇸 Khmer · Spain
592
+17
🇺🇸 Britons · United States
502
+21
🇨🇴 Bulgarians · Colombia
639
-20
🇺🇸 Khmer · United States
593
-22
jcsteele121711
4:32 Loom
13:41 Feudal Age
19:16 Castle Age
17:56 Double-Bit Axe
25:42 Horse Collar
28:03 Bow Saw
29:03 Wheelbarrow
29:01 Ballistics
28:56 Heavy Plow
31:51 Fletching
34:49 Imperial Age
33:37 Gold Mining
34:18 Hand Cart
34:35 Bodkin Arrow
34:48 Scale Barding Armor
35:52 Chain Barding Armor
35:50 Forging
36:48 Plate Barding Armor
36:53 Iron Casting
36:24 Light Cavalry
37:17 Double Crossbow
38:33 Chemistry
38:25 Bracer
38:34 Town Watch
41:17 Blast Furnace
40:25 Elite Ballista Elephant
44:56 Fortified Wall
45:36 Redemption
46:11 Hussar
49:58 Bloodlines
50:43 Cavalier
53:20 Onager
55:23 Husbandry
55:04 Heavy Scorpion
Cristhian98K
0:29 Loom
13:57 Feudal Age
14:24 Double-Bit Axe
14:36 Gold Mining
15:11 Fishing Lines
17:36 Town Watch
20:41 Horse Collar
22:41 Wheelbarrow
23:16 Forging
23:08 Scale Mail Armor
25:21 Castle Age
24:55 Arson
25:02 Fletching
25:20 Scale Barding Armor
25:54 Gambesons
26:46 Chain Mail Armor
26:49 Squires
26:42 Gillnets
26:28 Pikeman
28:58 Heavy Plow
30:42 Iron Casting
31:24 Bow Saw
31:29 Caravan
31:28 Bodkin Arrow
31:15 Elite Skirmisher
32:26 Padded Archer Armor
33:40 Leather Archer Armor
34:27 Thumb Ring
37:15 Hand Cart
41:10 Town Patrol
41:39 Chain Barding Armor
41:16 Light Cavalry
42:31 Bloodlines
45:01 Imperial Age
43:08 Ballistics
43:03 Husbandry
44:58 Masonry
44:45 Stone Mining
45:33 Gold Shaft Mining
45:04 Capped Ram
45:12 Halberdier
45:59 Bracer
46:33 Crop Rotation
46:01 Cavalier
46:08 Siege Ram
48:59 Blast Furnace
48:30 Plate Mail Armor
50:39 Plate Barding Armor
52:54 Hussar
53:52 Onager
53:55 Heavy Scorpion
59:05 Onager
60:33 Architecture
61:29 Coinage
67:22 Siege Engineers
67:52 Murder Holes
69:23 Stone Shaft Mining
Termenta
0:35 Loom
14:06 Feudal Age
15:34 Wheelbarrow
17:38 Double-Bit Axe
17:41 Horse Collar
24:01 Castle Age
25:01 Pikeman
26:33 Stone Mining
26:34 Gold Mining
31:40 Heavy Plow
32:40 Hand Cart
34:44 Caravan
35:44 Bow Saw
39:54 Gold Shaft Mining
40:22 Town Watch
42:37 Stone Shaft Mining
43:39 Ballistics
43:15 Murder Holes
46:05 Imperial Age
43:41 Tusk Swords
46:10 Masonry
46:12 Fortified Wall
47:51 Chemistry
46:55 Double Crossbow
47:18 Conscription
49:05 Crop Rotation
48:44 Elite Ballista Elephant
50:39 Architecture
50:11 Padded Archer Armor
50:21 Forging
50:17 Scale Barding Armor
51:59 Town Patrol
52:08 Elite Battle Elephant
55:32 Capped Ram
59:15 Iron Casting
58:56 Leather Archer Armor
59:04 Chain Barding Armor
58:35 Fletching
64:22 Arson
64:44 Halberdier
Dr. F
1:28 Loom
12:59 Feudal Age
14:31 Wheelbarrow
13:57 Double-Bit Axe
14:54 Horse Collar
22:01 Castle Age
24:03 Hand Cart
28:01 Squires
27:57 Fletching
28:09 Padded Archer Armor
28:23 Gambesons
28:31 Gold Mining
31:44 Heavy Plow
31:16 Pikeman
32:27 Scale Mail Armor
32:59 Stone Mining
34:25 Bow Saw
34:03 Elite Skirmisher
35:49 Bodkin Arrow
36:10 Leather Archer Armor
36:07 Forging
36:30 Caravan
39:04 Gold Shaft Mining
38:52 Yeomen
39:44 Ballistics
39:21 Murder Holes
42:43 Imperial Age
39:52 Light Cavalry
40:34 Husbandry
42:34 Arson
43:24 Elite Longbowman
44:41 Hoardings
45:22 Chemistry
46:19 Capped Ram
46:22 Cavalier
47:07 Warwolf
47:28 Conscription
46:52 Halberdier
47:42 Siege Engineers
49:18 Bracer
49:26 Scale Barding Armor
50:25 Two-Man Saw
50:33 Man-at-Arms
53:11 Chain Barding Armor
53:08 Chain Mail Armor
53:26 Ring Archer Armor
52:50 Arrowslits
52:41 Long Swordsman
53:32 Long Swordsman
54:51 Two-Handed Swordsman
56:37 Champion
59:17 Plate Mail Armor
59:27 Iron Casting
59:30 Plate Barding Armor
58:44 Heavy Scorpion
61:28 Fortified Wall
61:10 Guard Tower
61:02 Treadmill Crane
61:37 Masonry
64:45 Sanctity
79:26 Fervor
79:31 Block Printing
Connection lost

Rejoining the realm…

Still unreachable

The connection could not be restored.

Session expired

The server has moved on; the page needs a fresh start.